 Dungeon Crawl Stone Soup version 0.32-a0-576-g706899e69d (webtiles) character file.

Game seed: 3302615998276478633

372 horus123 the Slasher (level 6, -2/48 HPs)
             Began as a Demonspawn Gladiator on Mar 1, 2024.
             Succumbed to a scorpion's poison
             ... on level 4 of the Dungeon.
             The game lasted 00:05:12 (2575 turns).

horus123 the Slasher (Demonspawn Gladiator)         Turns: 2575, Time: 00:05:13

Health: -2/48      AC:  9    Str: 20    XL:     6   Next: 43%
Magic:  6/6        EV: 10    Int:  9    God:
Gold:   155        SH:  0    Dex: 16    Spells: 5/5 levels left

rFire   . . .        a - +0 long sword
rCold   + . .        (no shield)
rNeg    + . .        C - +2 scale mail of Recklessness {rC+}
rPois   .            c - +0 helmet
rElec   .            (no cloak)
rCorr   .            (no gloves)
SInv    .            (no boots)
Will    +....        (no amulet) Stlth
                     b - +6 ring of strength
HPRegen 0.28/turn    x - ring of positive energy
MPRegen 0.10/turn

%: no passive effects
@: mighty, lethally poisoned (-2 -> -23), attractive, enlightened, flying,
hasted, very quick
A: hooves 2, powered by pain 1
a: no special abilities


You were on level 4 of the Dungeon.
You visited 1 branch of the dungeon, and saw 4 of its levels.

You collected 155 gold pieces.

Inventory:

Hand Weapons
 a - a +0 long sword (weapon)
Missiles
 d - 3 throwing nets (quivered)
 e - a javelin
Armour
 c - a +0 helmet (worn)
 C - the +2 scale mail of Recklessness (worn) {rC+}
   (You found it on level 4 of the Dungeon)

   rC+:       It protects you from cold.
Jewellery
 b - a +6 ring of strength (left hand)
 x - a ring of positive energy (right hand)
Wands
 y - a wand of paralysis (11)
Scrolls
 f - 3 scrolls of silence
 g - a scroll of fear {unknown}
 h - 4 scrolls of teleportation
 k - a scroll of immolation {unknown}
 l - a scroll of blinking {unknown}
 m - a scroll of enchant armour {unknown}
 p - 2 scrolls of noise
 v - 2 scrolls of revelation {unknown}
 w - a scroll of enchant weapon {unknown}
 A - a scroll of butterflies {unknown}
 B - a scroll of identify
Potions
 j - a potion of invisibility {unknown}
 n - a potion of attraction
 r - a potion of mutation {unknown}
 s - a potion of might
 t - a potion of brilliance {unknown}
 u - 2 potions of ambrosia {unknown}
 z - a potion of cancellation {unknown}


   Skills:
 + Level 3.7 Fighting
 - Level 6.0 Long Blades
 - Level 1.7 Throwing
 - Level 2.6 Dodging


You had 5 spell levels left.
You didn't know any spells.
Your spell library contained the following spells:

 Spells                   Type           Power      Damage    Failure   Level
 Frozen Ramparts          Ice            0%         1d1       98%         3
 Leda's Liquefaction      Alch/Erth      0%         N/A       100%        4
 Petrify                  Alch/Erth      0%         N/A       100%        4
 Metabolic Englaciation   Hex/Ice        0%         N/A       100%        5


Dungeon Overview and Level Annotations

Branches:
Dungeon (4/15)
 Temple: D:4-7

Altars:

Shops:
D:2 :   D:3 !


Innate Abilities, Weirdness & Mutations

You have hoof-like feet.
You sometimes gain a little power by taking damage.


Message History

You feel sick.
The scorpion stings you but does no damage.
You barely miss the scorpion.
You kick the scorpion, but do no damage.
The scorpion is severely wounded.
You feel sick.
The scorpion stings you but does no damage.
You barely miss the scorpion.
The scorpion is severely wounded.
You feel sick. The scorpion stings you.
You are more poisoned.
The scorpion poisons you! The scorpion stings you.
You are lethally poisoned!
The scorpion poisons you!
You slash the scorpion!
You kill the scorpion!
You feel extremely sick.
A scorpion comes into view.
You feel very sick.
It was a potion of attraction.
You feel attractive to monsters.
* * * LOW HITPOINT WARNING * * *
You feel very sick. The scorpion is attracted toward you.
It was a potion of might.
You feel very mighty all of a sudden.
* * * LOW HITPOINT WARNING * * *
You feel very sick.
It was a potion of haste.
You feel yourself speed up.
* * * LOW HITPOINT WARNING * * *
You feel very sick.
The scorpion stings you but does no damage.
The scorpion stings you.
* * * LOW HITPOINT WARNING * * *
You are more poisoned.
The scorpion poisons you!
It was a potion of enlightenment.
You feel very buoyant.
You fly up into the air.
You die...

##.........##
............#
...........#
..........#
#.......# ..
#.......#
..###.#.s.#.##
#........@....#
......##.##.##
##.##...#.#.#
...#.......#
#.......##
######.....##
..###....##
#.##...>##
#.#.....##


You could see a scorpion.

Vanquished Creatures
  Sigmund (D:2)
  A scorpion (D:4)
  Jessica (D:3)
  4 gnolls (D:2)
  3 adders
  3 ribbon worms
  A dart slug (D:3)
  4 orcs
  5 endoplasms
  4 giant cockroaches
  4 goblins
  5 hobgoblins
  7 kobolds
  A ball python (D:1)
  3 bats (D:3)
  4 frilled lizards
  5 rats
56 creatures vanquished.

Notes
Turn   | Place    | Note
-------+----------+-------------------------------------------
     0 | D:1      | horus123 the Demonspawn Gladiator began the quest for the
                  | Orb.
     0 | D:1      | Reached XP level 1. HP: 16/16 MP: 1/1
    52 | D:1      | Reached skill level 3 in Long Blades
   185 | D:1      | Gained mutation: You have large cloven feet. [demonic
                  | ancestry]
   185 | D:1      | Reached XP level 2. HP: 22/22 MP: 2/2
   834 | D:2      | Found a faded altar of an unknown god.
   900 | D:2      | Found Plog's Book Emporium.
   919 | D:2      | Gained mutation: You have hoof-like feet. [demonic
                  | ancestry]
   919 | D:2      | Reached XP level 3. HP: 18/27 MP: 3/3
  1112 | D:2      | Noticed Sigmund
  1128 | D:2      | Killed Sigmund
  1129 | D:2      | Reached skill level 5 in Long Blades
  1129 | D:2      | Gained mutation: You sometimes gain a little power by
                  | taking damage. [demonic ancestry]
  1129 | D:2      | Reached XP level 4. HP: 30/33 MP: 4/4
  1129 | D:2      | Reached XP level 5. HP: 35/38 MP: 5/5
  1202 | D:2      | Reached skill level 6 in Long Blades
  1799 | D:3      | Reached XP level 6. HP: 46/46 MP: 6/6
  2177 | D:3      | Found Waem's Distillery.
  2391 | D:3      | Noticed Jessica
  2401 | D:3      | Killed Jessica
  2536 | D:4      | Identified the +2 scale mail of Recklessness {rC+}
  2574 | D:4      | HP: 1/48 [scorpion (6)]
  2575 | D:4      | Succumbed to a scorpion's poison

Illustrated notes

Levels and vault maps discovered:
D:1:      dpeg_arrival_tiny_i, layout_basic
D:2:      layout_basic, serial_shops, nicolae_book_shop_shelving, basic_altar,
          nicolae_ecumenical_oubliette, uniq_sigmund
D:3:      minmay_evil_eye, layout_basic, serial_shops, nicolae_lakefront_shop,
          uniq_jessica
D:4:      layout_loops_ring, cheibriados_altar_1, gammafunk_ghost_abyssal_escape

Skill      XL: |  1  2  3  4  5  6 |
---------------+-------------------+-----
Long Blades    | 3 5 6 |  6.0
Fighting       | 3 |  3.7
Throwing       | |  1.7
Dodging        | |  2.6

Action                     |  1- 3 |  4- 6 || total
---------------------------+-------+-------++-------
  Melee: Long sword        |    65 |    85 ||   150
         Kick              |    11 |    17 ||    28
  Throw: Throwing net      |     2 |       ||     2
         Javelin           |     1 |       ||     1
    Use: Scroll            |       |     3 ||     3
         Potion            |       |     4 ||     4
 Armour: Leather armour    |     8 |       ||     8
         Ring mail         |    25 |    33 ||    58
         Scale mail        |       |    10 ||    10
  Dodge: Dodged            |    36 |    44 ||    80

Table legend: (Time is in decaauts)
 A = Elapsed time spent in this place.
 B = Non-inter-level travel time spent in this place.
 C = Inter-level travel time spent in this place.
 D = Time resting spent in this place.
 E = Time spent auto-exploring this place.
 F = Levels seen in this place.
 G = Mean time per level.
                   A        B        C        D        E       F      G
               +--------+--------+--------+--------+--------+-----+--------+
         Total |   2598 |   2464 |    134 |    105 |   1831 |   4 |  649.5 |
       Dungeon |   2598 |   2464 |    134 |    105 |   1831 |   4 |  649.5 |
               +--------+--------+--------+--------+--------+-----+--------+

Top non-repeatable levels by time:
     D:3: 985 daAuts
     D:1: 900 daAuts
     D:2: 627 daAuts
     D:4: 84 daAuts
